[Event "Titled Tuesday Blitz March 21 Late 2023"]
[White "Mortazavi, Ali"]
[Black "Maatman, Nick"]
[WhiteFideId "401323"]
[BlackFideId "1040391"]
[WhiteElo "2339"]
[BlackElo "2703"]
[Result "0-1"]
[Round "04"]
[TimeControl "180+2"]
[Date "2023.03.21"]
[WhiteClock "0:00:07"]
[BlackClock "0:00:22"]

1. Nf3 Nf6 2. g3 g6 3. Bg2 Bg7 4. O-O O-O 5. d3 c5 6. e4 Nc6 7. c3 b6 8. Re1 Bb7 9. Nbd2 Rc8 10. a3 Ne8 11. h4 e5 12. b4 Nc7 13. bxc5 bxc5 14. h5 d5 15. hxg6 hxg6 16. Qb3 Ba6 17. exd5 Qxd5 18. c4 Qd6 19. Ne4 Qe7 20. Be3 Ne6 21. Qa4 Bb7 22. Rab1 Ba8 23. Rb5 Ncd4 24. Bxd4 Nxd4 25. Nxd4 cxd4 26. Qb4 Qc7 27. Nd6 Rcd8 28. c5 Bxg2 29. Kxg2 Rd7 30. Kg1 Qc6 31. Rc1 Rxd6 32. cxd6 Qxc1+ 33. Kg2 Qc6+ 34. Kg1 Rd8 35. Rb8 Rxb8 36. Qxb8+ Bf8 37. Qxa7 Qxd6 38. a4 Qc5 39. Qd7 Qc1+ 40. Kg2 Qd1 41. Qb5 Qe2 42. a5 e4 43. a6 e3 44. a7 Qxf2+ 45. Kh3 e2 46. a8=Q e1=Q 47. Qg2 Qef1 48. Qxf1 Qxf1+ 49. Kg4 Qf5+ 50. Qxf5 gxf5+ 51. Kxf5 Bb4 52. g4 Bc3 53. Kf6 Be1 54. g5 Bh4 55. Kf5 Kg7 56. Kg4 Bf2 57. Kf5 Be3 58. Kg4 Kg6 59. Kf3 Bxg5 60. Ke4 Be3 0-1


[Site "https://www.chess.com"]

[Event "Titled Tuesday Blitz March 21 Late 2023"]
[White "Hamitevici, Vladimir"]
[Black "The_Sherman_Variation"]
[WhiteFideId "13902393"]
[WhiteElo "2401"]
[BlackElo "2546"]
[Result "1-0"]
[Round "04"]
[TimeControl "180+2"]
[Date "2023.03.21"]
[WhiteClock "0:00:12"]
[BlackClock "0:00:51"]

1. a3 a6 2. d4 d5 3. g3 g6 4. Bg2 Bg7 5. Nf3 Nf6 6. O-O O-O 7. b3 c6 8. Bb2 Bf5 9. Nbd2 Nbd7 10. Nh4 Bg4 11. h3 Be6 12. e3 g5 13. Nhf3 h6 14. Ne5 Bf5 15. g4 Bh7 16. f4 Ne4 17. f5 Nxd2 18. Qxd2 Qc7 19. Nxd7 Qxd7 20. Rae1 Rfd8 21. Qf2 Bf6 22. c4 Qc7 23. Rc1 Qb6 24. Qc2 e6 25. c5 Qc7 26. Qf2 exf5 27. gxf5 Re8 28. Rce1 Re7 29. Bc3 Rae8 30. Bd2 Kg7 31. b4 Re4 32. a4 h5 33. Bxe4 Rxe4 34. Qg2 Kh6 35. Qh2 Qe7 36. Qd6 Qe8 37. Qxf6+ Bg6 38. fxg6 fxg6 39. Qf8+ 1-0


[Site "https://www.chess.com"]

[Event "Titled Tuesday Blitz March 21 Late 2023"]
[White "Preotu, Razvan"]
[Black "Luo, Terry"]
[WhiteFideId "2613280"]
[BlackFideId "30931045"]
[WhiteElo "2407"]
[BlackElo "2265"]
[Result "1-0"]
[Round "04"]
[TimeControl "180+2"]
[Date "2023.03.21"]
[WhiteClock "0:02:24"]
[BlackClock "0:02:34"]

1. e4 e5 2. Nf3 Nc6 3. Bc4 Bc5 4. c3 Nf6 5. d3 O-O 6. O-O d5 7. exd5 Nxd5 8. Re1 Bg4 9. h3 Bh5 10. Nbd2 Nb6 11. Bb3 Qxd3 12. Nxe5 Qf5 13. Nef3 Rfe8 14. g4 Bxg4 15. hxg4 Qxg4+ 16. Kh1 Qh3+ 17. Nh2 Bxf2 18. Rxe8+ Rxe8 19. Nf3 Bg3 20. Bxf7+ Kh8 21. Bxe8 1-0


[Site "https://www.chess.com"]

[Event "Titled Tuesday Blitz March 21 Late 2023"]
[White "Matinian, Nikita"]
[Black "Urbina Perez, Juan Antonio"]
[WhiteFideId "24129100"]
[BlackFideId "2217368"]
[WhiteElo "2422"]
[BlackElo "2197"]
[Result "1/2-1/2"]
[Round "04"]
[TimeControl "180+2"]
[Date "2023.03.21"]
[WhiteClock "0:00:16"]
[BlackClock "0:00:57"]

1. e4 c5 2. Nf3 d6 3. Bb5+ Bd7 4. Bxd7+ Nxd7 5. O-O Ngf6 6. Qe2 e6 7. c3 Be7 8. d4 O-O 9. Rd1 Qc7 10. e5 Nd5 11. Nbd2 cxd4 12. cxd4 dxe5 13. dxe5 N7b6 14. Ne4 Rac8 15. h4 Qc4 16. Qxc4 Rxc4 17. Nd6 Bxd6 18. exd6 Rc6 19. b3 Rd8 20. Ba3 Nc8 21. Ne5 Ra6 22. Bc5 Nxd6 23. Bxd6 Raxd6 24. Rac1 f6 25. Nc4 R6d7 26. Na5 Kf7 27. g3 Nb4 28. Rxd7+ Rxd7 29. a3 Nd5 30. Rc8 b6 31. Nc6 Ne7 32. Nxe7 Kxe7 33. Kg2 Kd6 34. h5 h6 35. g4 Rc7 36. Rd8+ Kc5 37. f4 a5 38. Kf3 b5 39. g5 fxg5 40. fxg5 hxg5 41. Kg4 a4 42. bxa4 bxa4 43. Kxg5 Kc4 44. Kg6 Kb3 45. Rd3+ Kb2 46. Rf3 Re7 47. Rf7 Re8 48. Kxg7 Kxa3 49. h6 Kb2 50. Rf8 Re7+ 51. Rf7 Re8 52. h7 a3 53. Rf8 Re7+ 54. Rf7 Re8 55. Rb7+ Kc2 56. Ra7 Kb2 57. Rb7+ Kc2 58. Rc7+ Kb2 59. Rb7+ 1/2-1/2


[Site "https://www.chess.com"]

[Event "Titled Tuesday Blitz March 21 Late 2023"]
[White "Remolar Gallen, Jose"]
[Black "Bitoon, Richard"]
[WhiteFideId "2215187"]
[BlackFideId "5201110"]
[WhiteElo "2223"]
[BlackElo "2374"]
[Result "1-0"]
[Round "04"]
[TimeControl "180+2"]
[Date "2023.03.21"]
[WhiteClock "0:00:46"]
[BlackClock "0:00:09"]

1. e4 e5 2. Nf3 Nc6 3. Bb5 a6 4. Ba4 Nf6 5. O-O b5 6. Bb3 Bb7 7. Nc3 b4 8. Nd5 Nxe4 9. Re1 Nc5 10. Nxe5 Nxe5 11. Rxe5+ Ne6 12. d4 Bd6 13. Bg5 Qb8 14. Re3 c6 15. Nb6 Ra7 16. Qg4 h5 17. Qf5 Ba8 18. Nxd7 Rxd7 19. Bxe6 fxe6 20. Qxe6+ Be7 21. Bxe7 Rh6 22. Qg8# 1-0


[Site "https://www.chess.com"]

[Event "Titled Tuesday Blitz March 21 Late 2023"]
[White "Martinez Reyes, Pedro Ramon"]
[Black "Golubev, Mikhail"]
[WhiteFideId "3901807"]
[BlackFideId "14100983"]
[WhiteElo "2340"]
[BlackElo "2374"]
[Result "1-0"]
[Round "04"]
[TimeControl "180+2"]
[Date "2023.03.21"]
[WhiteClock "0:01:50"]
[BlackClock "0:00:06"]

1. e4 c5 2. Nf3 d6 3. d4 Nf6 4. Nc3 cxd4 5. Nxd4 g6 6. Be3 Bg7 7. f3 Nc6 8. Qd2 O-O 9. g4 h5 10. g5 Nd7 11. O-O-O Nb6 12. f4 Bg4 13. Re1 Nxd4 14. Bxd4 Bxd4 15. Qxd4 e5 16. Qe3 exf4 17. Qxf4 Rc8 18. Be2 Rxc3 19. bxc3 Qc7 20. Bxg4 hxg4 21. h3 Qxc3 22. Qf6 Qa3+ 23. Qb2 Qxb2+ 24. Kxb2 Nc4+ 25. Kc1 1-0


[Site "https://www.chess.com"]

[Event "Titled Tuesday Blitz March 21 Late 2023"]
[White "Herrera Reyes, Jose Antonio"]
[Black "Astafurov, Arseniy"]
[WhiteFideId "2274914"]
[BlackFideId "24175218"]
[WhiteElo "2273"]
[BlackElo "2163"]
[Result "0-1"]
[Round "04"]
[TimeControl "180+2"]
[Date "2023.03.21"]
[WhiteClock "0:00:15"]
[BlackClock "0:00:07"]

1. Nf3 d5 2. g3 c6 3. Bg2 Bg4 4. d3 Nd7 5. O-O Ngf6 6. c3 e5 7. Qb3 Qc7 8. c4 dxc4 9. Qxc4 Bd6 10. Nc3 Be6 11. Qa4 h6 12. Be3 O-O 13. Rac1 Nd5 14. Bd2 Qd8 15. Ne4 Be7 16. a3 N7b6 17. Qd1 Nd7 18. b4 Qb6 19. Rb1 Rad8 20. Qa4 a6 21. Rfc1 Qa7 22. Qd1 Rfe8 23. Nc3 Qb6 24. Na4 Qa7 25. e4 Nc7 26. Be3 Qb8 27. d4 Bg4 28. Qb3 Bxf3 29. Bxf3 exd4 30. Bxd4 Nf6 31. Bb6 Rd7 32. Nc5 Bxc5 33. bxc5 Ne6 34. Bg2 Qe5 35. Rd1 Ree7 36. f4 Qh5 37. e5 Nh7 38. Bf3 Qh3 39. Rxd7 Rxd7 40. Rd1 Nhf8 41. Ba7 Rxd1+ 42. Qxd1 Qf5 43. a4 g5 44. Bg4 Qe4 45. f5 Nd4 46. Bb8 Qd5 47. Bd6 a5 48. h4 gxh4 49. gxh4 h5 50. Bxh5 Nxf5 51. Qg4+ Ng7 52. Qg5 Ne6 53. Qg2 Qd4+ 54. Kh2 Qxh4+ 55. Qh3 Qf2+ 56. Qg2 Qf4+ 57. Qg3 Qd2+ 58. Kh3 Nf4+ 59. Kg4 Nfe6 60. Bxf7+ Kxf7 61. Qf3+ Kg8 62. Qf6 Qd4+ 63. Kf3 Qd3+ 64. Kf2 Qd2+ 65. Kf3 Qg5 66. Ke4 Qxf6 67. exf6 Ne8 68. Kf5 Kf7 69. Be7 N8c7 70. Ke5 Nd5 71. Kd6 Nxf6 72. Bxf6 Kxf6 73. Kd7 Nxc5+ 74. Kc7 Nxa4 75. Kxb7 Nc3 0-1


[Site "https://www.chess.com"]

[Event "Titled Tuesday Blitz March 21 Late 2023"]
[White "Do Valle Cardoso, Lucas"]
[Black "Shapiro, Viktor"]
[WhiteFideId "2163144"]
[BlackFideId "4175700"]
[WhiteElo "2383"]
[BlackElo "2152"]
[Result "1-0"]
[Round "04"]
[TimeControl "180+2"]
[Date "2023.03.21"]
[WhiteClock "0:00:10"]
[BlackClock "0:00:03"]

1. e4 Nf6 2. e5 Nd5 3. Nc3 Nb6 4. Nf3 d6 5. d4 Bg4 6. exd6 cxd6 7. Be2 e6 8. O-O Be7 9. a4 a5 10. Nb5 Nc6 11. c3 O-O 12. h3 Bxf3 13. Bxf3 d5 14. Bf4 Rc8 15. Re1 Nc4 16. Qe2 Nd6 17. g3 Re8 18. h4 Bf8 19. h5 h6 20. Kg2 Nc4 21. b3 Nd6 22. Rad1 Nxb5 23. axb5 Ne7 24. c4 a4 25. cxd5 Nxd5 26. Bxd5 Qxd5+ 27. Qf3 Qxf3+ 28. Kxf3 Rc3+ 29. Re3 Rxe3+ 30. fxe3 a3 31. e4 Rc8 32. d5 Rc3+ 33. Kg4 exd5 34. exd5 a2 35. d6 Rd3 36. Ra1 Rxb3 37. Rxa2 Rxb5 38. Rd2 f5+ 39. Kh3 Kf7 40. d7 Be7 41. d8=Q Bxd8 42. Rxd8 Ke7 43. Rg8 Kf7 44. Rc8 g5 45. hxg6+ Kxg6 46. Rh8 h5 47. Rh6+ Kg7 48. Rxh5 Rd5 49. Kh4 Kg6 50. Rh6+ Kf7 51. Rb6 Rd7 52. Kg5 Ke7 53. Kxf5 Kd8 54. g4 Kc8 55. Rf6 Rd5+ 56. Be5 b5 1-0


[Site "https://www.chess.com"]

[Event "Titled Tuesday Blitz March 21 Late 2023"]
[White "cryptoguru02"]
[Black "Domingo Nunez, Ruben"]
[BlackFideId "22245570"]
[WhiteElo "2494"]
[BlackElo "2404"]
[Result "1-0"]
[Round "04"]
[TimeControl "180+2"]
[Date "2023.03.21"]
[WhiteClock "0:00:04"]
[BlackClock "0:00:01"]

1. d4 g6 2. e4 Bg7 3. Nc3 c6 4. Be3 d5 5. Qd2 dxe4 6. Nxe4 Nf6 7. Nxf6+ exf6 8. Nf3 O-O 9. Bd3 Re8 10. O-O-O Be6 11. a3 b5 12. h4 h5 13. Ng1 Qd5 14. Ne2 Qa2 15. Qa5 Bf8 16. b4 Be7 17. Nc3 Qa1+ 18. Kd2 Qxd1+ 19. Rxd1 Bd8 20. Ne4 Kg7 21. Nxf6 Rh8 22. d5 Bxa5 23. bxa5 Bxd5 24. Bd4 Rd8 25. Nxd5+ Kf8 26. Nc7 Rxd4 27. Nxa8 Rd7 28. Kc3 Ke7 29. Be2 Rxd1 30. Bxd1 Kd6 31. Bf3 Nd7 32. a4 Nc5 33. axb5 cxb5 34. Kb4 Ne6 35. Kxb5 Nd4+ 36. Kc4 Nxc2 37. a6 Ne1 38. Kc3 Kc5 39. Bb7 1-0


[Site "https://www.chess.com"]

[Event "Titled Tuesday Blitz March 21 Late 2023"]
[White "Kubatko, Ivan"]
[Black "Goltsev, Dmitry"]
[WhiteFideId "24111473"]
[BlackFideId "24176710"]
[WhiteElo "2285"]
[BlackElo "2336"]
[Result "1-0"]
[Round "04"]
[TimeControl "180+2"]
[Date "2023.03.21"]
[WhiteClock "0:00:30"]
[BlackClock "0:00:36"]

1. e4 e6 2. d4 d5 3. exd5 exd5 4. Nf3 Nf6 5. c4 c5 6. cxd5 Nxd5 7. Bb5+ Nc6 8. O-O Be7 9. Ne5 O-O 10. Nxc6 bxc6 11. Bxc6 a5 12. Bxa8 Ba6 13. Bxd5 Bxf1 14. Qxf1 Qxd5 15. dxc5 Bxc5 16. Nc3 Qf5 17. Be3 Bd6 18. Rd1 Qe5 19. g3 Bb4 20. Qd3 Qh5 21. Qd5 Qg4 22. Qe4 Qh5 23. Rd5 Qh3 24. Qf5 Qxf5 25. Rxf5 Rc8 26. Nd5 Bf8 27. Nb6 Rc2 28. Rxa5 f6 29. Ra8 Kf7 30. b3 g5 31. g4 Bd6 32. Kg2 Kg6 33. Nc4 Bb4 34. Ra6 h5 35. h3 hxg4 36. hxg4 Bc3 37. Kf3 Kf7 38. Ra7+ Kg6 39. Nd6 f5 40. Nxf5 Bf6 41. Ra6 Kf7 42. Ra7+ Kg8 43. a4 Rc3 44. Rb7 Bd8 45. Rb8 Kf7 46. Rxd8 Rxb3 47. a5 Ra3 48. Ra8 Kg6 49. a6 Kh7 50. a7 Kg6 51. Rg8+ Kh7 52. a8=Q Rxe3+ 53. Nxe3 Kh6 54. Qf8+ Kh7 55. Qg7# 1-0


[Site "https://www.chess.com"]

[Event "Titled Tuesday Blitz March 21 Late 2023"]
[White "Spata, German"]
[Black "Guliev, Logman"]
[WhiteFideId "113026"]
[BlackFideId "13400061"]
[WhiteElo "2238"]
[BlackElo "2161"]
[Result "1-0"]
[Round "04"]
[TimeControl "180+2"]
[Date "2023.03.21"]
[WhiteClock "0:00:03"]
[BlackClock "0:00:01"]

1. Nf3 d5 2. g3 g6 3. Bg2 Bg7 4. d4 Nf6 5. O-O O-O 6. c4 c6 7. b3 dxc4 8. bxc4 c5 9. Bb2 Qb6 10. Qb3 Ne4 11. e3 Nc6 12. Nc3 Nxc3 13. Bxc3 Bg4 14. Ne5 Nxe5 15. dxe5 Rab8 16. h3 Be6 17. Rfd1 Qc7 18. f4 b5 19. Bd5 bxc4 20. Qa4 Bxh3 21. Qxc4 Bg4 22. Rdb1 e6 23. Be4 Rfd8 24. Qa4 c4 25. Bd4 a5 26. Rc1 Rb4 27. Qc2 Bf8 28. a3 Rb3 29. Qxb3 Rc8 30. Qb6 Qd7 31. a4 h5 32. Qb5 Qc7 33. Rc2 h4 34. Rac1 Rb8 35. Qxc4 Qd7 36. Qc7 Qe8 37. Qc6 Qd8 38. Qc7 Qe8 39. Qc4 1-0


[Site "https://www.chess.com"]

[Event "Titled Tuesday Blitz March 21 Late 2023"]
[White "Gonzalez, Francisco Silva"]
[Black "Zamorano, Jorge"]
[WhiteFideId "1512285"]
[BlackFideId "173770"]
[WhiteElo "2074"]
[BlackElo "2331"]
[Result "0-1"]
[Round "04"]
[TimeControl "180+2"]
[Date "2023.03.21"]
[WhiteClock "0:00:59"]
[BlackClock "0:01:11"]

1. d4 Nf6 2. c4 e6 3. Nc3 Bb4 4. a3 Bxc3+ 5. bxc3 Nc6 6. e3 b6 7. Bd3 Ba6 8. e4 O-O 9. Nf3 Ne8 10. e5 f5 11. Bg5 Qc8 12. O-O Na5 13. Qe2 h6 14. Be7 Rf7 15. Bb4 Nb7 16. a4 c5 17. Ba3 d5 18. cxd5 Bxd3 19. Qxd3 c4 20. Qc2 exd5 21. Nh4 Qe6 22. f4 g6 23. g4 Ng7 24. h3 Kh7 25. Qg2 Rg8 26. Kh2 Nd8 27. Rg1 fxg4 28. Qxg4 Qxg4 29. Rxg4 Nf5 30. Rag1 Nxh4 31. Rxh4 Ne6 32. Bc1 h5 33. Rg5 Nxg5 34. fxg5 Rf3 35. Rf4 Rxf4 36. Bxf4 Kg7 37. e6 Re8 38. Be5+ Kg8 39. Kg3 Rxe6 40. Kf4 Kf7 41. h4 Re8 42. Kf3 Ke6 43. Kf4 Rf8+ 44. Ke3 Rf1 45. Bb8 a6 46. Ba7 Rd1 47. Bxb6 Rd3+ 48. Kf4 Rxc3 49. a5 Rd3 50. Bc5 c3 51. Ba3 c2 0-1


[Site "https://www.chess.com"]

[Event "Titled Tuesday Blitz March 21 Late 2023"]
[White "Rostomyan, Mikayel"]
[Black "Ronka, Erik"]
[WhiteFideId "13313754"]
[BlackFideId "505080"]
[WhiteElo "2009"]
[BlackElo "2264"]
[Result "1/2-1/2"]
[Round "04"]
[TimeControl "180+2"]
[Date "2023.03.21"]
[WhiteClock "0:00:04"]
[BlackClock "0:00:08"]

1. d4 d5 2. Nf3 c6 3. b3 Bg4 4. e3 Nd7 5. Be2 Ngf6 6. Bb2 e6 7. O-O Bd6 8. c4 O-O 9. Nbd2 Qe7 10. Ne5 Bxe2 11. Qxe2 Ba3 12. Bxa3 Qxa3 13. f4 Rad8 14. g4 c5 15. g5 Ne4 16. Nxe4 dxe4 17. Ng4 f5 18. gxf6 Nxf6 19. Rad1 Nxg4 20. Qxg4 Qxa2 21. Qxe6+ Kh8 22. Qxe4 Qxb3 23. Qd3 Qxd3 24. Rxd3 cxd4 25. exd4 Rd7 26. d5 b6 27. Kg2 Rc8 28. Rd4 Kg8 29. Kg3 Kf7 30. Re1 Rd6 31. Rde4 Rc7 32. f5 a6 33. Re6 Rcd7 34. Rxd6 Rxd6 35. Re6 Rxe6 36. fxe6+ Ke7 37. Kf4 Kd6 38. h4 g6 39. Kg5 Ke7 40. Kf4 Kd6 41. Kg5 Ke7 42. Kf4 Kf6 43. Ke4 a5 44. Kd4 a4 45. Kc3 h6 46. Kb4 g5 47. hxg5+ hxg5 48. Kxa4 g4 49. c5 bxc5 50. Kb5 g3 51. d6 g2 52. e7 Kf7 53. Kc6 g1=Q 54. Kc7 Qg2 55. e8=Q+ Kxe8 56. d7+ Ke7 57. d8=Q+ Ke6 58. Qd6+ Kf5 59. Qxc5+ Kf4 60. Qf8+ Ke3 61. Qc5+ Ke2 62. Qc2+ Kf1 63. Qd1+ Kf2 64. Qd4+ Kf1 65. Qf4+ Qf2 66. Qc4+ Qe2 67. Qc1+ Kf2 68. Qf4+ Qf3 69. Qh2+ Qg2 70. Qh6 Qf3 71. Qd2+ Qe2 72. Qd4+ Qe3 73. Qxe3+ Kxe3 1/2-1/2


[Site "https://www.chess.com"]

[Event "Titled Tuesday Blitz March 21 Late 2023"]
[White "Jovic, Stanoje"]
[Black "Gunduz, Umut Erdem"]
[WhiteFideId "905020"]
[BlackFideId "6381383"]
[WhiteElo "2236"]
[BlackElo "2182"]
[Result "1-0"]
[Round "04"]
[TimeControl "180+2"]
[Date "2023.03.21"]
[WhiteClock "0:00:34"]
[BlackClock "0:00:03"]

1. c4 c5 2. g3 g6 3. Bg2 Bg7 4. Nc3 Nc6 5. Nf3 Nh6 6. h4 d6 7. h5 Bg4 8. d3 Bxh5 9. Bxh6 Bxh6 10. g4 Bxg4 11. Rxh6 e6 12. Qd2 Bh5 13. O-O-O Ne7 14. Rh1 Nf5 15. R6xh5 gxh5 16. Rxh5 Qe7 17. Rxf5 exf5 18. Nd5 Qd8 19. Qh6 Kd7 20. Bh3 Re8 21. Bxf5+ Kc6 22. e4 b5 23. cxb5+ Kxb5 24. Qxh7 Rf8 25. Qg7 Rb8 26. Nd2 Rb7 27. Nc4 Ka6 28. Qh6 Rb6 29. a4 Rh8 30. Qg7 Rg8 31. Qxf7 Qg5+ 32. Kc2 Qg7 33. Qxg7 Rxg7 34. f4 Rg2+ 35. Kc3 Rb8 36. Ne7 Rh8 37. Nxd6 Rhh2 38. Nc4 Rc2+ 39. Kb3 Rcf2 40. Nd5 Kb7 41. e5 Kc6 42. Be4 Kd7 43. f5 Rh3 44. e6+ Kd8 45. f6 Re2 46. e7+ Kd7 47. Bf5+ Ke8 48. Bxh3 1-0


[Site "https://www.chess.com"]

[Event "Titled Tuesday Blitz March 21 Late 2023"]
[White "victormago"]
[Black "Jessel, Stephen"]
[BlackFideId "628859"]
[WhiteElo "2381"]
[BlackElo "2268"]
[Result "1-0"]
[Round "04"]
[TimeControl "180+2"]
[Date "2023.03.21"]
[WhiteClock "0:00:09"]
[BlackClock "0:00:04"]

1. d4 a6 2. c4 b5 3. cxb5 axb5 4. e3 Bb7 5. Nf3 b4 6. Bd3 e6 7. O-O f5 8. Ne5 Nf6 9. Nd2 Nc6 10. Ndf3 Bd6 11. Nc4 Be7 12. Nce5 O-O 13. a4 Bd6 14. Nc4 Be7 15. b3 Nd5 16. Bb2 Nc3 17. Qc2 Nd5 18. Nce5 Na5 19. Rac1 d6 20. Nc4 Rf7 21. Nxa5 Rxa5 22. Nd2 Bf8 23. Nc4 Ra8 24. Rce1 Qg5 25. f4 Qg4 26. h3 Qh4 27. Qf2 Qh6 28. Rc1 Be7 29. Rfe1 Rf6 30. Be2 Rg6 31. Bf3 Bh4 32. Qd2 Bxe1 33. Rxe1 Qxh3 34. Qf2 Qh6 35. Nd2 Rf8 36. Nc4 Ba8 37. a5 Nf6 38. Bxa8 Rxa8 39. Ra1 Ne4 40. Qe2 Ng3 41. Qf3 Ne4 42. a6 Rg3 43. Qe2 Ra7 44. Nd2 Nf6 45. Nf1 Rg6 46. Ra2 Nd5 47. Qb5 Nb6 48. Qe8# 1-0


[Site "https://www.chess.com"]

[Event "Titled Tuesday Blitz March 21 Late 2023"]
[White "O`Gorman, Tom"]
[Black "Bolanos, Fernando"]
[WhiteFideId "2508249"]
[BlackFideId "3304094"]
[WhiteElo "2271"]
[BlackElo "2166"]
[Result "1-0"]
[Round "04"]
[TimeControl "180+2"]
[Date "2023.03.21"]
[WhiteClock "0:00:46"]
[BlackClock "0:00:08"]

1. e4 c5 2. Nf3 d6 3. d4 cxd4 4. Nxd4 Nf6 5. Nc3 Nc6 6. Be2 e5 7. Nf3 Be7 8. O-O Be6 9. Re1 O-O 10. Bf1 h6 11. Nd5 Bxd5 12. exd5 Nb4 13. c4 a5 14. a3 Na6 15. g3 Nc5 16. Nh4 Qd7 17. Be3 Rfc8 18. Qc2 Bf8 19. Nf5 Ng4 20. Bxc5 Rxc5 21. Bh3 h5 22. f3 Rac8 23. fxg4 Rxc4 24. Qe2 Rc2 25. Qf3 Qb5 26. Ne3 Rxb2 27. gxh5 Rc3 28. h6 g6 29. h7+ Kxh7 30. Qxf7+ Bg7 31. Ng4 Rcc2 32. Bf1 Qc5+ 33. Kh1 e4 34. Rxe4 Rf2 35. Nf6+ Rxf6 36. Rh4# 1-0


[Site "https://www.chess.com"]

[Event "Titled Tuesday Blitz March 21 Late 2023"]
[White "Matlakov, Maxim"]
[Black "Bochnicka, Vladimir"]
[WhiteFideId "4168003"]
[BlackFideId "14943450"]
[WhiteElo "2666"]
[BlackElo "2094"]
[Result "1-0"]
[Round "04"]
[TimeControl "180+2"]
[Date "2023.03.21"]
[WhiteClock "0:00:42"]
[BlackClock "0:00:03"]

1. e4 c5 2. Nf3 Nc6 3. Bb5 e6 4. c3 Nge7 5. d4 d5 6. e5 Qb6 7. Ba4 Bd7 8. O-O Nf5 9. dxc5 Bxc5 10. Bc2 Rd8 11. Bg5 Be7 12. Bxe7 Ncxe7 13. Qc1 Bc6 14. Nbd2 h6 15. Nb3 O-O 16. Nbd4 Nxd4 17. Nxd4 Bb5 18. Re1 Nc6 19. Qf4 Nxd4 20. cxd4 Rc8 21. Qd2 Rc7 22. Rad1 Rfc8 23. Bb1 a5 24. Re3 Ba6 25. a3 Bc4 26. Rg3 Kh8 27. h3 Bb3 28. Re1 Bc2 29. Bxc2 Rxc2 30. Qf4 R8c7 31. Qg4 g6 32. Qf4 Kh7 33. b3 a4 34. bxa4 Qa5 35. Rb1 Qxa4 36. Kh2 Qc4 37. Rf3 Rc3 38. Rb4 Rxf3 39. Qxf3 Qc3 40. Qf6 Qxa3 41. Rb6 Qc3 42. Rd6 Qxd4 43. Rd8 Qxe5+ 44. Qxe5 1-0


[Site "https://www.chess.com"]

[Event "Titled Tuesday Blitz March 21 Late 2023"]
[White "Godzwon, Iwo"]
[Black "Narayanan.S.L"]
[WhiteFideId "21802483"]
[BlackFideId "5058422"]
[WhiteElo "2284"]
[BlackElo "2547"]
[Result "0-1"]
[Round "04"]
[TimeControl "180+2"]
[Date "2023.03.21"]
[WhiteClock "0:00:08"]
[BlackClock "0:01:55"]

1. e4 e6 2. d4 d5 3. Nd2 h6 4. Bd3 c5 5. dxc5 Nf6 6. e5 Nfd7 7. Ngf3 Nxc5 8. O-O Nc6 9. Qe2 g5 10. Nb3 Nxb3 11. axb3 g4 12. Ne1 h5 13. Bf4 Bh6 14. Bxh6 Rxh6 15. f4 Bd7 16. c3 Qb6+ 17. Kh1 Qxb3 18. f5 Qb6 19. fxe6 Bxe6 20. Bf5 O-O-O 21. Nd3 Qc7 22. b4 Kb8 23. Rae1 Re8 24. Qd2 Rhh8 25. Bxe6 fxe6 26. Rf6 h4 27. Qf4 h3 28. Nc5 hxg2+ 29. Kxg2 Nd8 30. Re3 Qh7 31. Kg1 Reg8 32. Qg3 Qb1+ 33. Re1 Qc2 34. Rf2 Qh7 35. Rf6 Qe7 36. Re3 Rh3 37. Qf2 Rxe3 38. Qxe3 Qh7 39. Nxe6 Nxe6 40. Rxe6 g3 41. hxg3 Qh3 42. Kf2 Qxe6 0-1


[Site "https://www.chess.com"]

[Event "Titled Tuesday Blitz March 21 Late 2023"]
[White "Chigaev, Maksim"]
[Black "Danielyan, Vahe"]
[WhiteFideId "4108116"]
[BlackFideId "13304828"]
[WhiteElo "2547"]
[BlackElo "2423"]
[Result "1-0"]
[Round "04"]
[TimeControl "180+2"]
[Date "2023.03.21"]
[WhiteClock "0:01:23"]
[BlackClock "0:01:12"]

1. d4 e6 2. e4 d5 3. Nd2 dxe4 4. Nxe4 Nd7 5. Nf3 Ngf6 6. Nxf6+ gxf6 7. g3 Bd6 8. Bg2 c5 9. O-O Qc7 10. Re1 a6 11. Bh6 cxd4 12. Nxd4 Rg8 13. c4 Rg6 14. Nf5 Be5 15. Ng7+ Ke7 16. Qh5 Rb8 17. Rad1 Qc5 18. Be3 Bd4 19. Bxd4 Qxh5 20. Nxh5 1-0


[Site "https://www.chess.com"]

[Event "Titled Tuesday Blitz March 21 Late 2023"]
[White "Kretchetov, Alexandre"]
[Black "Baskakov, Egor"]
[WhiteFideId "4124588"]
[BlackFideId "24197866"]
[WhiteElo "2523"]
[BlackElo "2212"]
[Result "0-1"]
[Round "04"]
[TimeControl "180+2"]
[Date "2023.03.21"]
[WhiteClock "0:01:19"]
[BlackClock "0:01:53"]

1. d4 Nf6 2. c4 e6 3. Nc3 d5 4. cxd5 Nxd5 5. e4 Nxc3 6. bxc3 b6 7. Bb5+ c6 8. Bd3 Bb7 9. Nf3 Nd7 10. O-O Be7 11. Qe2 O-O 12. a4 c5 13. a5 cxd4 14. cxd4 bxa5 15. Bd2 Bb4 16. Rfb1 Qe7 17. Qe1 Nf6 18. e5 Nd5 19. Qe4 g6 20. Bh6 Rfc8 21. Qg4 f5 22. exf6 Nxf6 23. Qh4 Bxf3 24. gxf3 Nd5 25. Bg5 Qf7 26. Be4 Rc7 27. Qg3 Rac8 28. h4 Nc3 29. h5 Nxe4 30. fxe4 Rc3 31. Qg4 gxh5 32. Qxh5 Qxh5 0-1


[Site "https://www.chess.com"]

[Event "Titled Tuesday Blitz March 21 Late 2023"]
[White "Korchmar, Vasiliy"]
[Black "Kaplan, Avi Harrison"]
[WhiteFideId "24131750"]
[BlackFideId "30934559"]
[WhiteElo "2370"]
[BlackElo "1983"]
[Result "1-0"]
[Round "04"]
[TimeControl "180+2"]
[Date "2023.03.21"]
[WhiteClock "0:00:08"]
[BlackClock "0:00:02"]

1. e4 Nc6 2. Nf3 g6 3. d4 Bg7 4. c3 d6 5. Bd3 e5 6. d5 Nce7 7. c4 f5 8. Nc3 Nf6 9. Ng5 h6 10. Ne6 Bxe6 11. dxe6 O-O 12. exf5 gxf5 13. O-O c6 14. Bc2 d5 15. cxd5 cxd5 16. f4 Ng4 17. Kh1 d4 18. Ne2 e4 19. Ng3 d3 20. Bb3 e3 21. Qf3 d2 22. Bxd2 exd2 23. Nxf5 Rxf5 24. Qxg4 Kh8 25. Rad1 Qd4 26. Rf3 Raf8 27. g3 Qe4 28. Kg2 Qe2+ 29. Kh3 h5 30. Qh4 Qxf3 31. Qxe7 Rxf4 32. Rxd2 Qg4+ 33. Kg2 Re4 34. Bd1 Qxe6 35. Qg5 Re5 36. Qh4 Qc6+ 37. Kh3 Bf6 38. Qb4 Qe6+ 39. Kg2 Rg8 40. Bb3 Qc6+ 41. Kh3 Rg7 42. Rd6 Qc8+ 43. Kg2 Re2+ 44. Kf1 Re8 45. Rxf6 Qd8 46. Rh6+ Rh7 47. Qc3+ Qd4 48. Qxd4+ Re5 49. Qxe5# 1-0


[Site "https://www.chess.com"]

[Event "Titled Tuesday Blitz March 21 Late 2023"]
[White "Shohat, Yotam"]
[Black "Jaracz, Pawel"]
[WhiteFideId "2813955"]
[BlackFideId "1102222"]
[WhiteElo "2226"]
[BlackElo "2438"]
[Result "0-1"]
[Round "04"]
[TimeControl "180+2"]
[Date "2023.03.21"]
[WhiteClock "0:00:02"]
[BlackClock "0:00:12"]

1. e4 e5 2. Nf3 Nc6 3. g3 f5 4. exf5 d5 5. Bb5 Qf6 6. Nc3 Ne7 7. d4 e4 8. Ne5 Bxf5 9. h4 h6 10. Bf4 O-O-O 11. Qd2 Nxe5 12. Bxe5 Qe6 13. h5 Rg8 14. O-O-O g5 15. Na4 Nc6 16. Bxc6 Qxc6 17. Nc5 b6 18. Nb3 Bg4 19. Rde1 a5 20. Kb1 Bb4 21. c3 Be7 22. Rc1 Rgf8 23. Na1 Rf3 24. Nc2 Rd3 25. Qe1 Qb5 26. Ne3 Bf3 27. Nf5 Bf8 28. Rg1 Bxh5 29. g4 Bg6 30. Ne3 a4 31. Rc2 Be7 32. Qc1 Kb7 33. c4 dxc4 34. Rxc4 c6 35. Qc2 c5 36. Rc1 a3 37. dxc5 Qxb2+ 38. Qxb2 axb2 39. Bxb2 Bxc5 40. Nf5 Re8 41. Ng7 Re7 42. Nf5 Red7 43. Ne3 h5 44. gxh5 Bxh5 45. Nf5 Bg6 46. Ne3 g4 47. Nxg4 e3 48. f4 Bf5 49. Ne5 Rd1+ 50. Ka1 Rxc1+ 51. Rxc1 Rd2 52. Nc4 Rf2 53. Re1 e2 54. Bc3 Rf1 55. Kb2 Bd3 56. Nd2 Rxe1 57. Nb3 Rb1# 0-1


[Site "https://www.chess.com"]